Map: Echo LE

Players

小斗斗

  • Race: Zerg Zerg
  • Spawn Location: 11:00

Kantuva - Winner!

  • Race: Zerg Zerg
  • Spawn Location: 5:00

VOD

Have the link to the VOD?

Description

Time

  • Played on: April 1, 2015, 1:50 a.m.
  • Length: 4:19
Show
View Real Time Build Order
Export as new Build Order

小斗斗 Zerg 

Build Orders: Pool First 

Get SALT Encoding   

  12  0:01  Drone  
  13  0:08  Drone  
  14  0:16  Overlord  
  14  0:33  Spawning Pool  
  13  0:37  Drone  
  13  0:40  Drone  
  15  0:46  Drone  
  15  0:48  Drone  
  17  0:59  Drone  
  18  1:13  Hatchery  
  18  1:16  Drone  
  18  1:19  Extractor  
  18  1:21  Drone  
  18  1:31  Drone  
  19  1:43  Overlord  
  19  1:52  Drone  
  20  1:55  Roach Warren  
  20  1:57  Queen, Extractor  
  20  2:04  Drone  
  21  2:15  Drone  
  22  2:25  Drone  
  22  2:26  Drone  
  22  2:28  Queen  
  26  2:38  Roach  
  26  2:39  Roach  
  30  2:46  Overlord  
  30  2:48  Drone  
  31  3:05  Ravager  
  32  3:08  Drone  
  32  3:09  Drone x5  
  38  3:15  Ravager  
  39  3:27  Roach x2  
  39  3:30  Overlord  
  43  3:38  Overlord x2  
  43  3:59  Ravager x2  
Show
View Real Time Build Order
Export as new Build Order

Kantuva Zerg - Winner!

Build Orders: Hatch First 

Get SALT Encoding   

  12  0:01  Drone  
  13  0:12  Overlord  
  13  0:18  Drone  
  14  0:31  Drone x2  
  16  0:50  Hatchery  
  16  0:51  Extractor  
  16  0:55  Drone  
  16  0:56  Drone  
  16  1:13  Spawning Pool  
  16  1:16  Drone  
  16  1:20  Drone  
  16  1:25  Drone  
  18  1:36  Drone  
  19  1:45  Drone  
  20  1:52  Overlord  
  20  2:00  Queen  
  20  2:01  Metabolic Boost  
  22  2:07  Queen  
  24  2:12  Zergling x2  
  25  2:22  Baneling Nest  
  24  2:29  Drone x4  
  28  2:40  Drone x2  
  30  2:50  Zergling x4  
  32  2:54  Overlord  
  32  3:07  Zergling x6  
  35  3:22  Roach Warren  
  35  3:23  Zergling x16  
  42  3:28  Overlord  
  42  3:35  Baneling x3  
  42  3:41  Zergling x4  
  41  3:58  Zergling x16  
Tags
 
Matchup
ZvZ
Race
Zerg
Spawn Locations
Cross Positions
Add a new tag
Caveats
  • Supply blocks, unpowered buildings, or Contaminate may cause inaccurate times.
  • Supply counts are checked every 10 seconds.